[Event "January 9 Early 2024"]
[Site "https://www.chess.com"]
[Date "2024.01.11"]
[Round "1"]
[White "Kokoszczynski, Jan"]
[Black "Sailer, Mike"]
[Result "1-0"]
[Board "206"]
[TimeControl "180+1"]
[WhiteFideId "1174460"]
[BlackFideId "2012901"]
[WhiteElo "2581"]
[BlackElo "2194"]
[WhiteTeam "POL"]
[BlackTeam "USA"]
[WhiteClock "0:00:14"]
[BlackClock "0:00:01"]

1. d4 d5 2. Bg5 Bf5 3. e3 Nf6 4. Nf3 e6 5. Nbd2 Bd6 6. Bd3 Nbd7 7. O-O c6 8. Re1 O-O 9. e4 dxe4 10. Nxe4 Be7 11. Nxf6+ Bxf6 12. Bxf5 Bxg5 13. Bd3 Bf4 14. Qe2 Nf6 15. Rad1 Qc7 16. Ne5 Bh6 17. c3 g6 18. Bc4 Rae8 19. g3 Nd5 20. Qf3 Bg7 21. Bb3 Ne7 22. h4 Nf5 23. h5 b5 24. Nxc6 a5 25. Ne5 a4 26. Bc2 a3 27. bxa3 Ra8 28. Bb3 Rxa3 29. hxg6 hxg6 30. g4 Nd6 31. d5 Nc4 32. Bxc4 Bxe5 33. Bb3 Qxc3 34. Rd3 Qb2 35. dxe6 Kg7 36. exf7 Rxf7 37. Qxf7+ 1-0

[Event "January 9 Early 2024"]
[Site "https://www.chess.com"]
[Date "2024.01.11"]
[Round "1"]
[White "Bogumil, Tatiana"]
[Black "Taboas Rodriguez, Daniel"]
[Result "1-0"]
[Board "207"]
[TimeControl "180+1"]
[WhiteFideId "4110579"]
[BlackFideId "2208466"]
[WhiteElo "2102"]
[BlackElo "2537"]
[WhiteTeam "RUS"]
[BlackTeam "ESP"]
[WhiteClock "0:00:12"]
[BlackClock "0:00:09"]

1. Nf3 Nf6 2. c4 g6 3. b3 b6 4. Bb2 Bg7 5. g3 Bb7 6. Bg2 O-O 7. O-O c5 8. d4 cxd4 9. Qxd4 Nc6 10. Qd1 d5 11. cxd5 Qxd5 12. Qxd5 Nxd5 13. Bxg7 Kxg7 14. Rd1 Rfd8 15. e3 Ncb4 16. Nd4 e5 17. a3 exd4 18. axb4 dxe3 19. fxe3 a6 20. Kf2 Kf6 21. Rd4 Ke7 22. Nd2 Nxe3 23. Rxd8 Ng4+ 24. Ke2 Bxg2 25. Rxa8 Bxa8 26. Rxa6 Bd5 27. Rxb6 Nxh2 28. Nc4 Ng4 29. Kd3 h5 30. Kd4 Be6 31. Rb7+ Kd8 32. Ra7 g5 33. b5 h4 34. gxh4 gxh4 35. b6 Kc8 36. Nd6+ Kb8 37. Re7 h3 38. Re8+ Bc8 39. Rxc8# 1-0

[Event "January 9 Early 2024"]
[Site "https://www.chess.com"]
[Date "2024.01.11"]
[Round "1"]
[White "Skiadopoulos, Nikolaos"]
[Black "Chylewski, Patryk"]
[Result "0-1"]
[Board "208"]
[TimeControl "180+1"]
[WhiteFideId "4200772"]
[BlackFideId "1186191"]
[WhiteElo "1940"]
[BlackElo "2544"]
[WhiteTeam "GRE"]
[BlackTeam "POL"]
[WhiteClock "0:00:12"]
[BlackClock "0:00:11"]

1. e4 g6 2. d4 Bg7 3. c3 d6 4. Be2 Nf6 5. Nd2 O-O 6. h4 h5 7. Nh3 e5 8. d5 a5 9. Ng5 Na6 10. Bxa6 Rxa6 11. Qe2 a4 12. a3 c6 13. c4 Bd7 14. Nf1 Qc7 15. Be3 Rb8 16. Ng3 b5 17. cxb5 Rxb5 18. O-O Qb7 19. Rab1 cxd5 20. exd5 Nxd5 21. Nxh5 gxh5 22. Qxh5 Bf5 23. Rbd1 Nf6 24. Qe2 Rxb2 25. Rd2 Rxd2 26. Qxd2 d5 27. f3 d4 28. Bf2 Rb6 29. Rc1 Rb1 30. Kh2 d3 31. g4 Bxg4 32. fxg4 Nxg4+ 33. Kg3 Nxf2 34. Kxf2 Rb2 35. Rc8+ Bf8 0-1

[Event "January 9 Early 2024"]
[Site "https://www.chess.com"]
[Date "2024.01.11"]
[Round "1"]
[White "Sidletskyi, Ivan"]
[Black "Seo, Jung Min"]
[Result "1/2-1/2"]
[Board "209"]
[TimeControl "180+1"]
[WhiteFideId "14156024"]
[BlackFideId "1734687"]
[WhiteElo "2480"]
[BlackElo "2857"]
[WhiteTeam "UKR"]
[BlackTeam "SWE"]
[WhiteClock "0:00:21"]
[BlackClock "0:00:57"]

1. e4 e5 2. Nf3 Nc6 3. Bc4 Nf6 4. Ng5 d5 5. exd5 Na5 6. Bb5+ c6 7. dxc6 bxc6 8. Bd3 Nd5 9. Nf3 Bd6 10. O-O Nf4 11. Nc3 Nxd3 12. cxd3 O-O 13. b3 Ba6 14. Re1 Re8 15. d4 exd4 16. Rxe8+ Qxe8 17. Nxd4 Bxh2+ 18. Kxh2 Qe5+ 19. Kg1 Qxd4 20. Bb2 Nb7 21. Na4 Qd7 22. Rc1 Bb5 23. Nc5 Nxc5 24. Rxc5 f6 25. d4 Re8 26. a4 Ba6 27. Qf3 Bb7 28. Bc3 h6 29. Qg3 Qe6 30. d5 cxd5 31. Rc7 Re7 32. Rxe7 Qxe7 33. Qb8+ Kh7 34. Qxa7 d4 35. Qxd4 Qe6 36. a5 Qxb3 37. f3 Qe6 38. Kf2 h5 39. Qd3+ Kg8 40. Qd8+ Kh7 41. Qd3+ Kh6 42. Bd2+ g5 43. Bc3 Qc6 44. Qd4 Kg6 45. Qd3+ Kg7 46. Bd4 Qd5 47. Qc3 Qd6 48. Qc5 Qxc5 49. Bxc5 Kg6 50. Ke3 f5 51. Be7 f4+ 52. Kf2 Kf5 53. Bd8 g4 54. fxg4+ hxg4 55. Bh4 Be4 56. Bd8 Bd3 57. Bc7 g3+ 58. Kg1 Ke4 59. Bb8 Ba6 60. Bc7 Kf5 61. Bb8 Bb7 62. Bc7 Kg4 63. Bb8 f3 64. gxf3+ Kxf3 65. a6 Bxa6 66. Bxg3 1/2-1/2

[Event "January 9 Early 2024"]
[Site "https://www.chess.com"]
[Date "2024.01.11"]
[Round "1"]
[White "Garrido, Denis"]
[Black "Sturt, Raven"]
[Result "0-1"]
[Board "210"]
[TimeControl "180+1"]
[WhiteFideId "601217"]
[BlackFideId "2007304"]
[WhiteElo "2402"]
[BlackElo "2731"]
[WhiteTeam "FRA"]
[BlackTeam "USA"]
[WhiteClock "0:00:01"]
[BlackClock "0:00:10"]

1. e4 c5 2. Nf3 e6 3. d4 cxd4 4. Nxd4 Nc6 5. Nc3 Qc7 6. Qd3 a6 7. Nxc6 Qxc6 8. Qg3 b5 9. Bd3 Bb7 10. O-O h5 11. Re1 h4 12. Qh3 Ne7 13. e5 f5 14. exf6 gxf6 15. Be4 d5 16. Bf3 e5 17. Qg4 e4 18. Nxe4 f5 19. Nf6+ Qxf6 20. Bg5 fxg4 21. Bxf6 Rg8 22. Be2 h3 23. Bd3 Kf7 24. Bd4 Bg7 25. Bxg7 Rxg7 26. Re5 hxg2 27. Rae1 Re8 28. Kxg2 d4+ 29. Kg1 Bc6 30. a3 Nd5 31. Rf5+ Nf6 32. Rxe8 Bxe8 33. Be4 Ke6 34. Rf4 Ke5 0-1

[Event "January 9 Early 2024"]
[Site "https://www.chess.com"]
[Date "2024.01.11"]
[Round "1"]
[White "Grutter, Tim"]
[Black "Nowak, Lukasz"]
[Result "1-0"]
[Board "211"]
[TimeControl "180+1"]
[WhiteFideId "1057472"]
[BlackFideId "1166760"]
[WhiteElo "2548"]
[BlackElo "2006"]
[WhiteTeam "NED"]
[BlackTeam "POL"]
[WhiteClock "0:00:01"]
[BlackClock "0:00:03"]

1. Nf3 d5 2. g3 Nd7 3. d4 Nb6 4. Bg2 Bf5 5. O-O e6 6. a4 a5 7. Nc3 h6 8. Ne5 Nf6 9. f3 Be7 10. e4 Bh7 11. Be3 O-O 12. Qd2 Rc8 13. Rad1 c5 14. dxc5 Bxc5 15. Bxc5 Rxc5 16. Qd4 Qc8 17. Nd3 Rc6 18. Ne5 Rc5 19. Rd2 Nc4 20. Nxc4 Rxc4 21. Qb6 Rb4 22. Qxa5 Rxb2 23. Nb5 Rxc2 24. e5 Nd7 25. f4 Qc5+ 26. Kh1 b6 27. Rxc2 bxa5 28. Rxc5 Nxc5 29. Ra1 Rb8 30. Bf1 Bd3 31. Bxd3 Nxd3 32. Nd6 Nc5 33. Rc1 Nxa4 34. Rc7 1-0

[Event "January 9 Early 2024"]
[Site "https://www.chess.com"]
[Date "2024.01.11"]
[Round "1"]
[White "Schnaider, Ilan"]
[Black "Kuznecova, Marija"]
[Result "1-0"]
[Board "212"]
[TimeControl "180+1"]
[WhiteFideId "169013"]
[BlackFideId "11618736"]
[WhiteElo "2748"]
[BlackElo "2410"]
[WhiteTeam "ARG"]
[BlackTeam "LAT"]
[WhiteClock "0:00:10"]
[BlackClock "0:00:12"]

1. e4 c5 2. Nf3 d6 3. Bb5+ Bd7 4. Bxd7+ Qxd7 5. O-O Nf6 6. Re1 e5 7. c3 Nc6 8. d4 Qc7 9. Bg5 Be7 10. Na3 a6 11. dxe5 dxe5 12. Nc4 b5 13. Bxf6 gxf6 14. Ne3 Rd8 15. Nd5 Qc8 16. Nh4 Rg8 17. Nf5 Rg6 18. Qh5 Bf8 19. Rad1 h6 20. Qh4 Bg7 21. Nxg7+ Rxg7 22. Qxf6 Rg8 23. Qxh6 Rg6 24. Qh8+ Kd7 25. Qh7 Ke8 26. Qh4 Qg4 27. Nc7+ Kf8 28. Rxd8+ Nxd8 29. Qxd8+ Kg7 30. Ne8+ Kh6 31. g3 Qf3 32. Qh4+ Qh5 33. Qxh5+ Kxh5 34. Nc7 Rd6 35. Nd5 f5 36. f3 Kg5 37. Kf2 f4 38. gxf4+ exf4 39. Rg1+ Kh4 40. Nxf4 Rd2+ 41. Ke3 Rxb2 42. Rg4# 1-0

[Event "January 9 Early 2024"]
[Site "https://www.chess.com"]
[Date "2024.01.11"]
[Round "1"]
[White "Bharadia Yash"]
[Black "Rozman, Levy"]
[Result "0-1"]
[Board "213"]
[TimeControl "180+1"]
[WhiteFideId "45087822"]
[BlackFideId "2039877"]
[WhiteElo "2292"]
[BlackElo "2650"]
[WhiteTeam "IND"]
[BlackTeam "USA"]
[WhiteClock "0:00:02"]
[BlackClock "0:00:25"]

1. e4 d5 2. exd5 Qxd5 3. Nc3 Qa5 4. d4 Nf6 5. Nf3 Bf5 6. Bc4 e6 7. Bd2 Bb4 8. a3 Bxc3 9. Bxc3 Qb6 10. O-O Nc6 11. Qe2 O-O 12. Rad1 Rad8 13. h3 Ne4 14. Qe3 Nxc3 15. Qxc3 Be4 16. Ng5 Bd5 17. Qd3 g6 18. Bxd5 Rxd5 19. Ne4 Kg7 20. c4 Rxd4 21. Qc3 e5 22. Ng5 Qc5 23. b3 Qxa3 24. Nf3 Rxd1 25. Rxd1 Qe7 26. b4 Qxb4 27. Qa1 Qe7 28. h4 Rd8 29. Rb1 b6 30. h5 a5 31. Rb5 f6 32. c5 Rd5 33. hxg6 hxg6 34. Qa4 Rxc5 35. Rxc5 Qxc5 36. Qg4 Qc1+ 37. Kh2 Qf4+ 38. Kg1 Qc1+ 0-1

[Event "January 9 Early 2024"]
[Site "https://www.chess.com"]
[Date "2024.01.11"]
[Round "1"]
[White "Bettalli, Francesco"]
[Black "Putri, Regita Desyari"]
[Result "1-0"]
[Board "214"]
[TimeControl "180+1"]
[WhiteFideId "2816453"]
[BlackFideId "7109083"]
[WhiteElo "2585"]
[BlackElo "2201"]
[WhiteTeam "ITA"]
[BlackTeam "INA"]
[WhiteClock "0:01:00"]
[BlackClock "0:00:03"]

1. d4 Nf6 2. Nc3 d5 3. Bf4 Bf5 4. f3 e6 5. g4 Bg6 6. h4 h6 7. Qd2 Bb4 8. e3 Nbd7 9. a3 Ba5 10. Bd3 Bxd3 11. Qxd3 c5 12. dxc5 Nxc5 13. Qb5+ Ncd7 14. b4 Bb6 15. Bd6 a6 16. Qd3 Bc7 17. Bxc7 Qxc7 18. Nge2 Ne5 19. Qd1 Nxf3+ 20. Kf2 Ne5 21. Qd4 Nfxg4+ 22. Kf1 O-O 23. Nf4 Qc4+ 24. Kg2 Qxd4 25. exd4 Nc4 26. Kf3 Nf6 27. Rhg1 Rac8 28. Na4 Nd2+ 29. Ke2 Nde4 30. Kd3 Kh7 31. Rg2 b5 32. Nc5 Nxc5+ 33. bxc5 Rfe8 34. Rag1 g6 35. Rf1 Nd7 36. Nxd5 Kg7 37. Ne3 Red8 38. Ke2 Nf8 39. c3 a5 40. Rb1 Rb8 41. Kd3 e5 42. Nf5+ Kf6 43. Nd6 exd4 44. cxd4 Ke6 45. Re2+ Kf6 46. Rf2+ Ke6 47. Re1+ Kd5 48. Re5+ Kc6 49. Nxf7 Rd7 50. Rf6+ Kc7 51. Nd6 b4 52. axb4 axb4 53. Kc2 b3+ 54. Kb2 Ra8 55. Kxb3 Ra1 56. Nb5+ Kd8 57. Rxf8# 1-0

[Event "January 9 Early 2024"]
[Site "https://www.chess.com"]
[Date "2024.01.11"]
[Round "1"]
[White "Boldoo, Erdenepurev"]
[Black "Vila Dupla, Aurelio"]
[Result "1/2-1/2"]
[Board "215"]
[TimeControl "180+1"]
[WhiteFideId "4901037"]
[BlackFideId "2203383"]
[WhiteElo "2566"]
[BlackElo "2185"]
[WhiteTeam "MGL"]
[BlackTeam "ESP"]
[WhiteClock "0:00:16"]
[BlackClock "0:00:04"]

1. e4 c5 2. Nf3 d6 3. d4 cxd4 4. Nxd4 Nf6 5. Nc3 g6 6. f4 Nc6 7. Nxc6 bxc6 8. e5 Nd7 9. exd6 exd6 10. Bd3 Be7 11. O-O O-O 12. Kh1 Nc5 13. f5 Nxd3 14. Qxd3 Bxf5 15. Rxf5 gxf5 16. Bh6 Kh8 17. Bxf8 Qxf8 18. Qxf5 Qg7 19. Rf1 Rf8 20. Qe4 Bf6 21. Qxc6 Rb8 22. Qxd6 Be5 23. Qd7 f6 24. Qf5 Rxb2 25. Nd5 Qg6 26. Qc8+ Kg7 27. Qd7+ Qf7 28. Qc6 Rxa2 29. Ne3 Qg6 30. Nf5+ Qxf5 31. Qb7+ Kh6 32. Qb5 Qxc2 33. Qd5 Qg6 34. Qf3 Ra5 35. Rd1 Ra1 36. Qh3+ Kg7 37. Qd7+ Qf7 38. Qg4+ Qg6 39. Qd7+ Qf7 40. Qg4+ Kh6 41. Qh4+ Kg7 42. Qg4+ 1/2-1/2

[Event "January 9 Early 2024"]
[Site "https://www.chess.com"]
[Date "2024.01.11"]
[Round "1"]
[White "Lysyj, Igor"]
[Black "Nikologorsky, Matfei"]
[Result "1-0"]
[Board "216"]
[TimeControl "180+1"]
[WhiteFideId "4150120"]
[BlackFideId "24102474"]
[WhiteElo "2862"]
[BlackElo "2466"]
[WhiteTeam "FID"]
[BlackTeam "FID"]
[WhiteClock "0:00:43"]
[BlackClock "0:00:07"]

1. d4 Nf6 2. c4 e6 3. Nf3 b6 4. g3 Bb7 5. Bg2 g6 6. Nc3 Bg7 7. d5 O-O 8. O-O Re8 9. Bf4 d6 10. Qd2 Nbd7 11. Rad1 a5 12. Bg5 Nc5 13. Qc2 h6 14. Bc1 exd5 15. cxd5 Ba6 16. Nd4 Qe7 17. Rfe1 Ng4 18. h3 Ne5 19. Ncb5 Bxb5 20. Nxb5 Qd7 21. Nd4 Qe7 22. b3 Na6 23. a3 Nc5 24. f4 Ned7 25. Nc6 Qf6 26. e4 Qc3 27. Qxc3 Bxc3 28. Re3 Bg7 29. Bd2 f5 30. exf5 Rxe3 31. Bxe3 gxf5 32. b4 axb4 33. axb4 Na4 34. Ne7+ Kf7 35. Nxf5 Nc3 36. Rd3 Ra1+ 37. Kh2 Nd1 38. Bg1 Bf6 39. Nxh6+ Kg6 40. Ng4 Bg7 41. Rd2 Nc3 42. Rc2 Nb5 43. Be4+ Kf7 44. Bf5 Nf6 45. Be6+ Ke7 46. Nxf6 Bxf6 47. Kg2 Nd4 48. Bxd4 Bxd4 49. Rxc7+ Kf6 50. h4 Ra2+ 51. Kf3 Rb2 52. h5 Rb3+ 53. Kg4 Rxg3+ 54. Kxg3 Bf2+ 55. Kg4 b5 56. Rf7# 1-0

[Event "January 9 Early 2024"]
[Site "https://www.chess.com"]
[Date "2024.01.11"]
[Round "1"]
[White "Radzhabov, Rodion"]
[Black "Pappelis, Dimitrios"]
[Result "1-0"]
[Board "217"]
[TimeControl "180+1"]
[WhiteFideId "884715"]
[BlackFideId "4215281"]
[WhiteElo "2564"]
[BlackElo "2154"]
[WhiteTeam "RUS"]
[BlackTeam "GRE"]
[WhiteClock "0:00:04"]
[BlackClock "0:00:02"]

1. e4 c5 2. Nf3 e6 3. d4 cxd4 4. Nxd4 Nf6 5. Nc3 Nc6 6. Nxc6 bxc6 7. e5 Nd5 8. Ne4 Qc7 9. f4 Qb6 10. c4 Bb4+ 11. Ke2 f5 12. exf6 Nxf6 13. Nd6+ Bxd6 14. Qxd6 Ne4 15. Qe5 Qf2+ 16. Kd1 d5 17. Qxg7 Rf8 18. Be2 Rf6 19. Rf1 Qd4+ 20. Ke1 Rb8 21. Qc7 Qb6 22. Bh5+ Kf8 23. Qxb6 Rxb6 24. cxd5 cxd5 25. b3 Ba6 26. Be2 Bxe2 27. Kxe2 Rc6 28. Be3 Rc2+ 29. Kf3 Rc3 30. Rac1 Nd2+ 31. Ke2 1-0

[Event "January 9 Early 2024"]
[Site "https://www.chess.com"]
[Date "2024.01.11"]
[Round "1"]
[White "Kislinsky, Alexey"]
[Black "Gevorgyan, Maria"]
[Result "1/2-1/2"]
[Board "218"]
[TimeControl "180+1"]
[WhiteFideId "14108801"]
[BlackFideId "13300270"]
[WhiteElo "2764"]
[BlackElo "2438"]
[WhiteTeam "CZE"]
[BlackTeam "ARM"]
[WhiteClock "0:00:36"]
[BlackClock "0:00:27"]

1. e4 c5 2. Nf3 Nc6 3. Bb5 g6 4. Bxc6 dxc6 5. d3 Bg7 6. Nc3 Nf6 7. Be3 Nd7 8. O-O e5 9. h3 b6 10. Nh2 Nf8 11. f4 exf4 12. Bxf4 Ne6 13. Bg3 Qg5 14. Qe1 Nd4 15. Nf3 Qe7 16. Nxd4 cxd4 17. Ne2 O-O 18. Qf2 c5 19. b3 Bb7 20. Kh1 f5 21. e5 Bxe5 22. Bxe5 Qxe5 23. Nf4 Rae8 24. Rae1 Qd6 25. Kg1 Re5 26. Rxe5 Qxe5 27. Re1 Qd6 28. h4 Qc6 29. Qg3 Re8 30. Rxe8+ Qxe8 31. h5 Kg7 32. Qg5 Qf7 33. h6+ Kg8 34. Qd8+ Qf8 35. Qc7 Qf7 36. Qb8+ Qf8 37. Qxb7 Qxh6 38. Qb8+ Kf7 39. Qc7+ Kg8 40. Qe5 Kf8 41. Ne6+ Kg8 42. Qf6 Qc1+ 43. Kh2 Qh6+ 44. Kg1 Qc1+ 45. Kf2 Qe3+ 46. Kf1 Qc1+ 47. Ke2 Qxc2+ 48. Ke1 Qc1+ 49. Kf2 Qe3+ 50. Kf1 Qc1+ 51. Ke2 Qc2+ 52. Ke1 Qc1+ 53. Kf2 Qe3+ 54. Kf1 Qc1+ 55. Kf2 1/2-1/2

[Event "January 9 Early 2024"]
[Site "https://www.chess.com"]
[Date "2024.01.11"]
[Round "1"]
[White "Blahynka, Martin"]
[Black "Hambleton, Aman"]
[Result "0-1"]
[Board "219"]
[TimeControl "180+1"]
[WhiteFideId "334766"]
[BlackFideId "2606577"]
[WhiteElo "2427"]
[BlackElo "2771"]
[WhiteTeam "CZE"]
[BlackTeam "CAN"]
[WhiteClock "0:00:03"]
[BlackClock "0:00:02"]

1. c4 c5 2. Nf3 b6 3. g3 Bb7 4. Bg2 Nf6 5. O-O e6 6. d4 cxd4 7. Nxd4 Bxg2 8. Kxg2 Qc7 9. b3 Qb7+ 10. f3 a6 11. e4 d6 12. Nc2 Be7 13. Nc3 O-O 14. Qe2 Nbd7 15. Bb2 Rfe8 16. Rad1 Rac8 17. Ne3 h5 18. h4 Ne5 19. Rd2 Rc7 20. Rfd1 Rb8 21. a4 Ned7 22. Re1 Nc5 23. Qd1 Re8 24. Kh2 Rcc8 25. Ng2 Qc6 26. Nf4 g6 27. Re3 Ncd7 28. Nce2 Ne5 29. Nd4 Qc7 30. Nfe2 Nfg4+ 31. fxg4 Nxg4+ 32. Kh1 Nxe3 33. Qg1 Ng4 34. Ba3 Bf6 35. Nf3 Red8 36. Nf4 Qb7 0-1

[Event "January 9 Early 2024"]
[Site "https://www.chess.com"]
[Date "2024.01.11"]
[Round "1"]
[White "Tarnowska, Aleksandra"]
[Black "Pinheiro, Iung Alicio de O."]
[Result "0-1"]
[Board "220"]
[TimeControl "180+1"]
[WhiteFideId "1180967"]
[BlackFideId "2104350"]
[WhiteElo "2205"]
[BlackElo "2587"]
[WhiteTeam "POL"]
[BlackTeam "BRA"]
[WhiteClock "0:00:03"]
[BlackClock "0:00:15"]

1. e4 d6 2. d4 Nf6 3. Nc3 e5 4. Be3 exd4 5. Bxd4 Be7 6. Nf3 O-O 7. Bd3 Bg4 8. h3 Bh5 9. g4 Bg6 10. Qd2 Nc6 11. Be3 d5 12. e5 Ne4 13. Bxe4 dxe4 14. Nd4 Nxe5 15. O-O-O c6 16. Qe2 Qa5 17. Kb1 Bb4 18. Bd2 Rfe8 19. Nb3 Qc7 20. h4 h6 21. h5 Bh7 22. g5 hxg5 23. Bxg5 Nf3 24. h6 Nxg5 25. hxg7 Bg6 26. Qg4 Nh7 27. Qh4 Kxg7 28. Nd4 Qe5 29. Rdg1 Bxc3 30. bxc3 Kh8 31. Ne2 Qg7 32. Nf4 Rg8 33. Nh5 Qe5 34. Ng3 e3 35. Nh5 Qb5+ 36. Kc1 Qxh5 37. Qxh5 Bxh5 38. Rxg8+ Rxg8 39. Rxh5 exf2 40. Rf5 Rg1+ 0-1

[Event "January 9 Early 2024"]
[Site "https://www.chess.com"]
[Date "2024.01.11"]
[Round "1"]
[White "Osinovsky, Stepan"]
[Black "Martinez Ramirez, Lennis"]
[Result "0-1"]
[Board "221"]
[TimeControl "180+1"]
[WhiteFideId "4157354"]
[BlackFideId "3509079"]
[WhiteElo "2397"]
[BlackElo "2717"]
[WhiteTeam "RUS"]
[BlackTeam "CUB"]
[WhiteClock "0:00:02"]
[BlackClock "0:00:14"]

1. e4 e6 2. d3 c5 3. Nd2 Nc6 4. Ngf3 d5 5. g3 d4 6. Bg2 e5 7. O-O Bd6 8. Nc4 Bc7 9. a4 Nge7 10. c3 O-O 11. cxd4 cxd4 12. b4 f6 13. Ba3 Be6 14. Nfd2 a5 15. b5 Nb4 16. Bxb4 axb4 17. Qb3 Ba5 18. Qb2 b3 19. Ra3 Bc3 20. Qb1 b2 21. Nb3 Bxc4 22. dxc4 b6 23. c5 bxc5 24. Nxc5 Qd6 25. Qa2+ Kh8 26. Nd3 Rfb8 27. Nxb2 Nc8 28. Rb1 Rxb5 29. axb5 Rxa3 30. Qd5 Qxd5 31. exd5 Rb3 32. Be4 Bxb2 33. Bf5 Nd6 34. Bd7 g5 35. f4 gxf4 36. gxf4 e4 37. Kf2 Kg7 38. Rg1+ Kh6 39. Rg8 d3 40. Ke3 Bd4+ 0-1

[Event "January 9 Early 2024"]
[Site "https://www.chess.com"]
[Date "2024.01.11"]
[Round "1"]
[White "Vakhlamov, Igor L."]
[Black "Gavrilov, Maxim"]
[Result "1/2-1/2"]
[Board "222"]
[TimeControl "180+1"]
[WhiteFideId "24126748"]
[BlackFideId "24271454"]
[WhiteElo "2783"]
[BlackElo "2444"]
[WhiteTeam "RUS"]
[BlackTeam "RUS"]
[WhiteClock "0:00:12"]
[BlackClock "0:00:25"]

1. e4 c5 2. Nf3 d6 3. Nc3 Nf6 4. d4 cxd4 5. Qxd4 Nc6 6. Bb5 Bd7 7. Bxc6 Bxc6 8. Bg5 e6 9. O-O-O Be7 10. Rhe1 O-O 11. e5 dxe5 12. Nxe5 Qxd4 13. Rxd4 Rac8 14. Nxc6 Rxc6 15. Ne4 Rfc8 16. Re2 Kf8 17. Nxf6 Bxf6 18. Bxf6 gxf6 19. c3 Ke7 20. Rh4 Rg8 21. g3 Rg7 22. Rh5 Ra6 23. a3 Rd6 24. Kc2 Kd7 25. Re4 Ke7 26. Rc4 Rd7 27. Re4 a6 28. a4 Rd6 29. a5 Rd7 30. Rd4 Rxd4 31. cxd4 f5 32. d5 Kf6 33. dxe6 fxe6 34. Rh6+ Ke5 35. f4+ Kd5 36. Kd3 Rd7 37. b4 Rc7 38. h3 Rg7 39. g4 fxg4 40. Rh5+ Kd6 41. hxg4 Rxg4 42. Rxh7 Kc6 43. Re7 Rxf4 44. Rxe6+ Kc7 45. Rb6 Rg4 46. Kc3 Rh4 1/2-1/2

[Event "January 9 Early 2024"]
[Site "https://www.chess.com"]
[Date "2024.01.11"]
[Round "1"]
[White "Arslanov, Shamil"]
[Black "Piscicelli, Daniel Orlando"]
[Result "1-0"]
[Board "223"]
[TimeControl "180+1"]
[WhiteFideId "4192826"]
[BlackFideId "101958"]
[WhiteElo "2635"]
[BlackElo "2289"]
[WhiteTeam "RUS"]
[BlackTeam "ARG"]
[WhiteClock "0:00:38"]
[BlackClock "0:00:05"]

1. d4 Nf6 2. f3 g6 3. e4 d5 4. Bg5 dxe4 5. Nc3 exf3 6. Nxf3 Bg7 7. Qd2 O-O 8. O-O-O Bg4 9. Be2 Nbd7 10. h3 Bf5 11. Qf4 Nh5 12. Qh4 f6 13. Be3 Bh8 14. g4 Ng7 15. gxf5 Nxf5 16. Bc4+ Kg7 17. Qf2 Nb6 18. Bd3 Nd6 19. h4 e6 20. h5 f5 21. hxg6 hxg6 22. Bh6+ Kf7 23. Ng5+ Ke7 24. Rhe1 Kd7 25. Bxf8 Qxg5+ 26. Kb1 Rxf8 27. Nb5 Nxb5 28. Bxb5+ c6 29. Bd3 Nd5 30. a3 Qf6 31. c4 Nc7 32. Rd2 Qxd4 33. Bc2 Qxd2 34. Qxd2+ Ke7 35. Qg5+ Kd7 36. Qxg6 Rf6 37. Qh7+ Kc8 38. Qxh8+ Ne8 39. Qxe8+ Kc7 40. Qe7+ Kb6 41. Qxf6 Kc5 42. Qxe6 Kb6 43. Qxf5 Ka6 44. Re6 Kb6 45. Qb5+ Kc7 46. Re7+ Kd6 47. Qe5# 1-0

[Event "January 9 Early 2024"]
[Site "https://www.chess.com"]
[Date "2024.01.11"]
[Round "1"]
[White "Lebedev, Artem S."]
[Black "Zhigalko, Sergei"]
[Result "0-1"]
[Board "224"]
[TimeControl "180+1"]
[WhiteFideId "34272747"]
[BlackFideId "13502956"]
[WhiteElo "2489"]
[BlackElo "2914"]
[WhiteTeam "RUS"]
[BlackTeam "BLR"]
[WhiteClock "0:00:03"]
[BlackClock "0:00:28"]

1. e4 c5 2. Nf3 Nc6 3. d4 cxd4 4. Nxd4 Nf6 5. Nc3 e5 6. Ndb5 d6 7. Bg5 a6 8. Na3 b5 9. Nd5 Be7 10. Bxf6 Bxf6 11. c4 b4 12. Nc2 O-O 13. g3 a5 14. Bg2 Bg5 15. O-O Ne7 16. Nxe7+ Qxe7 17. h4 Bh6 18. Qd3 Be6 19. b3 Rfd8 20. Rad1 Qa7 21. Rfe1 Qc5 22. Ne3 Bxe3 23. Rxe3 a4 24. Re2 axb3 25. axb3 Ra3 26. Red2 Kf8 27. Rb1 Ke7 28. Qe2 Rda8 29. Qh5 h6 30. Qd1 Ra2 31. Kh2 R8a3 32. Bh3 Rxd2 33. Qxd2 Qd4 34. Qe2 Bxh3 35. Kxh3 Ra1 36. Rxa1 Qxa1 37. Kg2 g6 38. Qe3 Qc3 39. Qa7+ Kf6 40. Qb8 Qd2 41. Qc7 Qd3 42. Qc6 Kg7 43. Qd5 Qxb3 44. Qxd6 Qc3 45. Qxe5+ Qxe5 0-1

[Event "January 9 Early 2024"]
[Site "https://www.chess.com"]
[Date "2024.01.11"]
[Round "1"]
[White "Wieczorek, Zbigniew"]
[Black "Antal, Gergely"]
[Result "0-1"]
[Board "225"]
[TimeControl "180+1"]
[WhiteFideId "1102001"]
[BlackFideId "717312"]
[WhiteElo "2279"]
[BlackElo "2632"]
[WhiteTeam "POL"]
[BlackTeam "HUN"]
[WhiteClock "0:00:13"]
[BlackClock "0:00:14"]

1. Nf3 f5 2. d4 Nf6 3. Nc3 d5 4. Bg5 e6 5. e3 Be7 6. Bxf6 Bxf6 7. Bd3 O-O 8. Ne2 c5 9. c3 Qb6 10. Qd2 Nc6 11. O-O e5 12. dxe5 Nxe5 13. Nxe5 Bxe5 14. a4 Be6 15. Nf4 Bxf4 16. exf4 g6 17. Rfe1 Rad8 18. Re5 c4 19. Bf1 d4 20. cxd4 Rxd4 21. Qe3 Bf7 22. Rb5 Qd6 23. Rxb7 a5 24. g3 Rd1 25. Rxd1 Qxd1 26. Qe2 Qxa4 27. Qe7 Qa1 28. Rc7 Qxb2 29. Bxc4 Qb1+ 30. Kg2 Qe4+ 31. Qxe4 fxe4 32. Rxf7 Rxf7 33. Kf1 Kg7 34. Bxf7 Kxf7 35. Ke2 Ke6 36. Kd2 Kf5 37. Kc3 Kg4 38. Kb3 Kf3 39. Ka4 Kxf2 40. g4 e3 41. f5 e2 42. f6 e1=Q 43. f7 Qe7 44. f8=Q+ Qxf8 0-1

[Event "January 9 Early 2024"]
[Site "https://www.chess.com"]
[Date "2024.01.11"]
[Round "1"]
[White "Kruckenhauser, Arthur"]
[Black "Khegay, Yuliya"]
[Result "0-1"]
[Board "226"]
[TimeControl "180+1"]
[WhiteFideId "1642812"]
[BlackFideId "14205394"]
[WhiteElo "2548"]
[BlackElo "2205"]
[WhiteTeam "AUT"]
[BlackTeam "UZB"]
[WhiteClock "0:00:01"]
[BlackClock "0:00:10"]

1. d4 Nf6 2. Nf3 d5 3. c3 c5 4. dxc5 e6 5. Be3 a5 6. b4 Na6 7. Qb3 Be7 8. g3 O-O 9. Bg2 axb4 10. cxb4 b6 11. cxb6 Bxb4+ 12. Nbd2 Nd7 13. O-O Nxb6 14. Rfc1 Rb8 15. a3 Bxd2 16. Bxd2 Nc4 17. Qd3 Nc5 18. Qc3 Ne4 19. Qd3 Ba6 20. Bb4 Re8 21. Nd4 Qb6 22. Bxe4 dxe4 23. Qxe4 Rbd8 24. e3 Bb7 25. Qh4 Ne5 26. Bc3 Rxd4 27. Bxd4 Nf3+ 28. Kf1 Qa6+ 29. Kg2 Nxh4+ 30. Kh3 Nf5 31. Rc5 Qe2 32. e4 Qh5+ 33. Kg2 Bxe4+ 34. Kf1 Qf3 35. Rc3 Bd3+ 36. Kg1 Nxd4 0-1

[Event "January 9 Early 2024"]
[Site "https://www.chess.com"]
[Date "2024.01.11"]
[Round "1"]
[White "Saydaliev, Saidakbar"]
[Black "Filali, Razzouki Marouane"]
[Result "1-0"]
[Board "227"]
[TimeControl "180+1"]
[WhiteFideId "14203693"]
[BlackFideId "9003720"]
[WhiteElo "2766"]
[BlackElo "2426"]
[WhiteTeam "UZB"]
[BlackTeam "MAR"]
[WhiteClock "0:00:06"]
[BlackClock "0:00:04"]

1. e4 d5 2. exd5 Nf6 3. Nc3 Nxd5 4. Nge2 Nc6 5. g3 Bg4 6. Bg2 e6 7. h3 Bf5 8. O-O Qd7 9. Nxd5 exd5 10. Nf4 O-O-O 11. d3 g5 12. Nxd5 Bxh3 13. Nf6 Qf5 14. Bxh3 Qxh3 15. Qg4+ Qxg4 16. Nxg4 f5 17. Ne3 f4 18. Nf5 Bc5 19. Kg2 Rdf8 20. g4 h5 21. f3 hxg4 22. fxg4 Ne5 23. Ng7 Nxg4 24. Ne6 Rh2+ 25. Kf3 Ne5+ 26. Ke4 Re2+ 27. Kd5 Rf6 28. d4 Rxe6 29. Kxe6 Bxd4 30. Kf5 Nf7 31. c3 Bc5 32. Kg6 Re7 33. Bd2 Rd7 34. Rae1 Rxd2 35. Kxf7 Rxb2 36. Re5 Be3 37. Rd1 Rxa2 38. Re8# 1-0